 Dungeon Crawl Stone Soup version 0.26.1 (webtiles) character file.

Game seed: 17964670616490844271

314143 jlumianski the Severer (level 20, -3/153 (177) HPs)
             Began as a Palentonga Fighter on Feb 3, 2021.
             Was the Champion of Okawaru.
             Killed from afar by a crystal guardian (14 damage)
             ... with a crystal bolt
             ... in the Desolation of Salt on Feb 7, 2021.
             The game lasted 03:26:14 (43019 turns).

jlumianski the Severer (Palentonga Fighter)        Turns: 43019, Time: 03:26:18

HP:   -3/153 (177)  AC: 40    Str: 38    XL:     20   Next: 48%
MP:   30/30         EV:  9    Int:  9    God:    Okawaru [******]
Gold: 1527          SH: 29    Dex: 14    Spells: 19/19 levels left

rFire    + . .     SeeInvis +   r - +6 hand axe of Conformity {vamp, *Rage rPois Str+2 Int+2}
rCold    + . .     Faith    .   E - +1 tower shield {AC+3}
rNeg     . . .     Spirit   .   C - +5 plate armour of Xakhawue {Int-3 Dex+3 Slay+3}
rPois    +         Reflect  +   i - +2 helmet {SInv}
rElec    +         Harm     .   p - scarf {repulsion}
rCorr    .         Rampage  .   n - +0 pair of gloves "Wewim" {rElec Str+4}
Will     +....     Clarity  +   b - +2 barding {Fly}
Stlth    ..........             U - amulet "Zuoren" {Reflect rC+ SH+5}
HPRegen  0.35/turn              x - +4 ring of slaying
MPRegen  0.22/turn              z - +6 ring of strength

@: flying, heavily drained, repel missiles, curled up
A: large, rugged brown scales 3, see invisible, clarity, deformed body, fire
resistance 1, subdued magic 1, roll 2, armoured tail, reflexive curl
}: 2/15 runes: decaying, gossamer
a: Rolling Charge, Stop Flying, Renounce Religion, Heroism, Finesse


You were in the Desolation of Salt.
You worshipped Okawaru.
Okawaru was exalted by your worship.
You visited 6 branches of the dungeon, and saw 34 of its levels.
You also visited: Sewer, Ossuary, Gauntlet, Ice Cave, Volcano and Desolation.

You collected 4345 gold pieces.
You spent 2818 gold pieces at shops.

Inventory:

Hand Weapons
 r - the +6 hand axe of Conformity (weapon) {vamp, *Rage rPois Str+2 Int+2}
   (Okawaru gifted it to you on level 2 of the Swamp)

   It inflicts no extra harm, but heals its wielder when it wounds a living foe.
   It affects your strength (+2).
   It affects your intelligence (+2).
   It protects you from poison.
   It may make you go berserk in combat.
 y - the +8 hand axe of Chagrin {venom, rElec Will+ Str+4 Dex-2 Stlth+}
   (Okawaru gifted it to you on level 2 of the Lair of Beasts)

   It poisons the flesh of those it strikes.
   It affects your strength (+4).
   It affects your dexterity (-2).
   It insulates you from electricity.
   It affects your willpower, your defense against some magical effects.
   It makes you more stealthy.
 S - a +9 broad axe of flaming
Missiles
 q - 13 javelins
 w - 2 boomerangs of dispersal
 J - 3 throwing nets
 R - 36 boomerangs (quivered)
Armour
 b - a +2 barding of flying (worn)
 i - a +2 helmet of see invisible (worn)
 n - the +0 pair of gloves "Wewim" (worn) {rElec Str+4}
   (Okawaru gifted it to you on level 1 of the Vaults)

   It affects your strength (+4).
   It insulates you from electricity.
 p - a scarf of repulsion (worn)
 C - the +5 plate armour of Xakhawue (worn) {Int-3 Dex+3 Slay+3}
   (You took it off a human on level 14 of the Dungeon)

   It affects your intelligence (-3).
   It affects your dexterity (+3).
   It affects your accuracy and damage with ranged weapons and melee attacks
   (+3).
 E - a +1 tower shield of protection (worn)
Jewellery
 o - an uncursed ring of poison resistance
 s - a +4 ring of evasion
 v - an uncursed ring of protection from cold
 x - a +4 ring of slaying (left hand)
 z - a +6 ring of strength (right hand)
 G - an uncursed ring of ice
 U - the amulet "Zuoren" (around neck) {Reflect rC+ SH+5}
   (You found it on level 12 of the Dungeon)

   [amulet of reflection]

   It shields you and reflects attacks.
   It protects you from cold.
   It affects your SH (+5).
Wands
 a - a wand of disintegration (43)
 h - a wand of iceblast (21)
 j - a wand of digging (8)
 H - a wand of paralysis (9)
 V - a wand of acid (32)
Scrolls
 f - 19 scrolls of teleportation
 g - 4 scrolls of blinking
 l - 8 scrolls of fog
 u - 3 scrolls of fear
 F - 7 scrolls of identify
 L - 2 scrolls of magic mapping
 W - 3 scrolls of silence
 Y - 12 scrolls of remove curse
Potions
 e - 20 potions of curing
 A - 2 potions of cancellation
 B - 5 potions of haste
 D - 5 potions of resistance
 I - a potion of lignification
 N - 3 potions of heal wounds
 X - 2 potions of ambrosia
 Z - a potion of berserk rage
Miscellaneous
 t - a condenser vane
 K - a tin of tremorstones (2/2)
 T - a phial of floods


   Skills:
 + Level 11.5 Fighting
 + Level 0.7(0.9) Short Blades
 + Level 0.6(0.9) Long Blades
 + Level 17.2 Axes
 + Level 0.6 Staves
 + Level 0.4 Bows
 + Level 0.4 Crossbows
 * Level 7.3 Throwing
 * Level 10.8 Armour
 * Level 9.0 Dodging
 - Level 1.5 Stealth
 - Level 15.0 Shields
 + Level 0.4 Fire Magic
 + Level 0.4 Ice Magic
 + Level 0.4 Air Magic
 + Level 0.5 Earth Magic
 + Level 0.4 Poison Magic
 * Level 13.8 Invocations
 * Level 10.5 Evocations


You had 19 spell levels left.
You didn't know any spells.
Your spell library contained the following spells:

 Spells                   Type           Power        Failure   Level
 Sandblast                Erth           0%           80%         1
 Sting                    Tmut/Pois      0%           85%         1
 Animate Skeleton         Necr           0%           86%         1
 Beastly Appendage        Tmut           0%           86%         1
 Corona                   Hex            0%           86%         1
 Pain                     Necr           0%           86%         1
 Passwall                 Tmut/Erth      0%           93%         2
 Corpse Rot               Necr/Air       N/A          94%         2
 Ensorcelled Hibernation  Hex/Ice        0%           94%         2
 Wereblood                Tmut           0%           95%         2
 Confusing Touch          Hex            0%           99%         3
 Dazzling Flash           Conj/Hex       0%           99%         3
 Ignite Poison            Fire/Tmut/Pois 0%           99%         3
 Spider Form              Tmut/Pois      0%           99%         3
 Stone Arrow              Conj/Erth      0%           99%         3
 Tukima's Dance           Hex            0%           99%         3
 Vampiric Draining        Necr           0%           99%         3
 Animate Dead             Necr           0%           100%        4
 Ice Form                 Ice/Tmut       0%           100%        4
 Petrify                  Tmut/Erth      0%           100%        4
 Agony                    Necr           0%           100%        5
 Alistair's Intoxication  Tmut/Pois      0%           100%        5
 Blade Hands              Tmut           0%           100%        5
 Lee's Rapid Deconstruct  Erth           0%           100%        5
 Summon Forest            Summ/Tloc      0%           100%        5
 Eringya's Noxious Bog    Tmut/Pois      0%           100%        6
 Hydra Form               Tmut           0%           100%        6
 Summon Hydra             Summ           0%           100%        7


Dungeon Overview and Level Annotations

Branches:
Dungeon (15/15)            Temple (0/1) D:7            Lair (6/6) D:9
  Swamp (4/4) Lair:2       Spider (4/4) Lair:3        Slime (0/5) Lair:5
    Orc (2/2) D:11            Elf (0/3) Orc:2        Vaults (3/5) D:14
  Crypt (0/3) Vaults:2     Depths (0/5) D:15          Sewer (visited)
Ossuary (visited)           IceCv (visited)         Volcano (visited)
Desolation (1/1)          Gauntlet (visited)

Altars:
Dithmenos
Fedhas
Gozag
Makhleb
Okawaru
Qazlal
Ru
Trog
Uskayaw
Vehumet
Wu Jian
Zin
The Shining One
Beogh
Jiyva

Shops:
D:11 ?   Orc:2 ([=}   Vaults:1 (

Annotations:
Lair:5 1 runed translucent door


Innate Abilities, Weirdness & Mutations

You are completely covered in rugged brown scales. (AC +3, +7% HP)
You have supernaturally acute eyesight. (SInv)
Armour fits poorly on your strangely shaped body.
You can roll at foes to attack.
You have a long armoured tail.
You curl defensively after being hit.
You possess an exceptional clarity of mind.
Your flesh is heat resistant. (rF+)
Your spells are a little easier to cast, but a little less powerful.


Message History

The halazid warlock points at you and mumbles some strange words.
The bolt of negative energy hits you!!!
You feel drained.
The halazid warlock points at you and mumbles some strange words.
The bolt of negative energy hits you!!!
You feel drained.
* * * LOW HITPOINT WARNING * * *
Found a runed mace.
Roll where?
Press: ? - help, Dir - move target, f - halazid warlock
Aim: a halazid warlock You roll forward with a clatter of scales!
You hit the halazid warlock but do no damage.
You tail-slap the halazid warlock!
The halazid warlock is lightly damaged.
The halazid warlock touches you!
* * * LOW HITPOINT WARNING * * *
You writhe in agony.
* * * LOW HITPOINT WARNING * * *
The crystal guardian fires a crystalline bolt at you.
The crystal bolt burns you! You resist.
You die...

....§.#§§.§§§§§§§§§§....§
....§§§.#§§§§§§.§§§§§.§§.
..§§.§§§.§§§§§§§§§.§§..§§
§§§§.§§..§§§§§§§§.§§§§§§
..§§§§.§.§§.§§§§§§####
.§§§§.§§..§.#####§#
§§§§§§§§§.§§#.8#§.# #
§§§§§§§§§§##..#L.# )#
§§§.§§§§..#.##@###.#8§
§§..§.§...#...○....§§
§§.§.......#..8☼....§§§
§§§§§.§....####.##.##§§
§.§§..§.......#[) ##
..........#...#.[.
.............#.####
...§.........###..
.##............ ..


You could see a halazid warlock and a crystal guardian.

Vanquished Creatures
  Saint Roka (Orc:2)
  A tentacled monstrosity (Swamp:3)
  A thorn hunter (Swamp:3)
  2 azure jellies (Swamp:4)
  Roxanne (Swamp:1)
  Donald (Swamp:1)
  A fenstrider witch (Swamp:4)
  6 ghost moths
  Louise (Spider:4)
  3 orc warlords
  Aizul (Swamp:2)
  A frost giant (IceCv)
  5 vault wardens
  6 emperor scorpions
  3 very ugly things (Vaults:1)
  5 ironheart preservers
  2 stone giants (Vaults:2)
  Azrael (D:12)
  A minotaur (Gauntlet)
  5 dire elephants (Lair:6)
  2 entropy weavers
  A deep elf annihilator (Vaults:3)
  10 bunyips
  3 spark wasps
  An ettin (Orc:1)
  4 eleionomae
  2 fire dragons
  Snorg (D:13)
  Erolcha (Orc:2)
  Josephine (D:13)
  5 yaktaur captains
  Harold (D:8)
  2 ogre magi (Vaults:1)
  5 boulder beetles
  4 ice dragons
  3 ghost crabs
  2 catoblepae (Lair:6)
  19 hydras
  2 peacekeepers (Desolation)
  8 vault guards
  An anaconda (Lair:6)
  2 centaur warriors
  10 alligators
  3 two-headed ogres
  2 death scarabs (Gauntlet)
  A tengu warrior (D:12)
  3 death knights
  3 orc high priests
  2 deep troll earth magi (Vaults:2)
  2 deep troll shamans (Vaults:2)
  6 death yaks
  Nergalle (D:11)
  2 shadow wraiths
  3 deep elf knights (Vaults:1)
  2 spectral death yaks (Gauntlet)
  5 skeletal warriors
  A spriggan druid (Swamp:2)
  6 goliath frogs
  An unseen horror (Vaults:1)
  8 deep trolls
  A flayed ghost (Vaults:1)
  3 bog bodies
  8 ironbrand convokers
  A wizard (Vaults:1)
  5 deep elf archers
  A phantasmal warrior (Vaults:3)
  7 swamp dragons
  A wolf spider zombie (D:13)
  5 harpies (Vaults:2)
  28 wolf spiders
  Pikel (D:4)
  6 orc knights
  A spectral boulder beetle (Gauntlet)
  5 deep elf magi
  An oklob plant (Lair:3)
  12 ugly things
  A manticore (shapeshifter) (Vaults:1)
  2 orc sorcerers
  4 manticores
  24 orb spiders
  2 moths of wrath
  4 cyclopes
  3 salamanders (Volcano)
  3 will-o-the-wisps (Swamp:4)
  An ice statue (IceCv)
  20 elephants
  A guardian serpent (Desolation)
  5 vault sentinels (Vaults:1)
  6 black mambas
  Maurice (D:8)
  15 cane toads
  2 torpor snails
  22 yaktaurs
  25 komodo dragons
  2 rime drakes
  A yaktaur (shapeshifter) (Vaults:1)
  A redback zombie (D:14)
  12 demonic crawlers
  5 freezing wraiths
  15 polar bears
  2 ice devils (Lair:2)
  A troll (shapeshifter) (D:13)
  16 tyrant leeches
  A tengu simulacrum (Vaults:2)
  A bloated husk (Swamp:3)
  7 trolls
  35 jumping spiders
  18 hornets
  Prince Ribbit (D:8)
  25 blink frogs
  10 saltlings
  15 slime creatures
  5 spriggans
  Sigmund (D:3)
  61 redbacks
  A water elemental (D:13)
  A meliai zombie (D:12)
  2 vampires (D:12)
  A ynoxinul (Gauntlet)
  8 humans (D:14)
  A shadow (D:15)
  38 tarantellas
  5 fire bats (Volcano)
  A hog (shapeshifter) (D:15)
  A yak (shapeshifter) (D:15)
  9 wyverns
  6 basilisks
  A basilisk (shapeshifter) (D:15)
  2 fire elementals
  6 wraiths
  46 yaks
  3 swamp worm simulacra (Swamp:4)
  6 wargs
  3 steam dragons (Volcano)
  A soldier ant (shapeshifter) (D:14)
  10 swamp worms
  11 vampire mosquitoes
  14 water moccasins
  15 hydra simulacra (Swamp:4)
  A naga (shapeshifter) (Vaults:2)
  3 hell hounds
  A floating eye (shapeshifter) (D:15)
  5 ice beasts
  38 orc warriors
  4 phantoms
  4 sky beasts
  4 black bears
  An eye of draining (D:15)
  2 necrophages
  A swamp drake (Swamp:1)
  23 wolves
  24 ogres
  8 centaurs
  11 boggarts
  3 lemures (D:4)
  4 big kobolds
  25 bullfrogs
  A wyvern zombie (D:13)
  2 wyvern skeletons (D:9)
  A water moccasin skeleton (D:9)
  5 scorpions
  11 killer bees
  6 wights (D:8)
  12 electric eels
  7 howler monkeys
  A jelly (D:10)
  5 centaur zombies
  5 hounds
  A quasit (D:10)
  5 centaur skeletons
  24 orc priests
  2 bullfrog skeletons (D:8)
  2 iron imps (Gauntlet)
  30 orc wizards
  5 iguanas
  Ijyb (D:3)
  Terence (D:2)
  14 worker ants
  A hound skeleton (D:10)
  4 hound zombies
  16 mummies (Ossuary)
  6 worker ant zombies
  24 adders
  5 river rats (Sewer)
  2 shadow imps
  5 white imps
  5 ufetubi
  5 oozes
  5 swamp drake simulacra (Swamp:4)
  An adder skeleton (D:6)
  5 adder zombies
  2 worms
  2 dart slugs (D:2)
  9 leopard geckos
  115 orcs
  10 ball pythons
  12 giant cockroaches
  4 goblins
  10 hobgoblins (D:1)
  23 jackals
  8 quokkas
  A ball python zombie (Ossuary)
  8 bats
  5 frilled lizards
  A jackal skeleton (D:6)
  A jackal zombie (Ossuary)
  28 kobolds
  A leopard gecko skeleton (D:7)
  2 leopard gecko zombies (Ossuary)
  A quokka skeleton (D:3)
  2 quokka zombies (Ossuary)
  31 rats
  5 briar patches (Swamp:3)
  A bush (Lair:3)
1512 creatures vanquished.

Vanquished Creatures (collateral kills)
  A hydra (D:12)
  A two-headed ogre (D:12)
  A manticore (D:12)
  A steam dragon (D:12)
  2 vampire mosquitoes (D:12)
  A centaur (D:12)
  A bullfrog (D:7)
  A hound (D:12)
  An iguana (D:12)
10 creatures vanquished.

Vanquished Creatures (others)
  A deep elf mage (Vaults:1)
  A molten gargoyle (Vaults:3)
  A rime drake (IceCv)
  A yaktaur (D:15)
  A bloated husk (Swamp:1)
  3 polar bears (IceCv)
  A wyvern (Volcano)
  A steam dragon (Volcano)
  2 wolves (IceCv)
  A jelly (D:12)
  An orc (D:12)
  A briar patch (Swamp:3)
  A demonic plant (Gauntlet)
  6 foxfires (Swamp:4)
  28 fungi
  150 plants
  4 withered plants (Ossuary)
204 creatures vanquished.

Grand Total: 1726 creatures vanquished

Notes
Turn   | Place    | Note
-------+----------+-------------------------------------------
     0 | D:1      | jlumianski the Palentonga Fighter began the quest for the
                  | Orb.
     0 | D:1      | Reached XP level 1. HP: 20/20 MP: 1/1
   153 | D:2      | Reached XP level 2. HP: 23/27 MP: 2/2
   610 | D:1      | Reached XP level 3. HP: 33/33 MP: 3/3
  1521 | D:3      | Found a bloodstained altar of Trog.
  1530 | D:3      | Noticed Ijyb
  1540 | D:3      | Killed Ijyb
  1541 | D:3      | Reached XP level 4. HP: 33/42 MP: 4/4
  1730 | D:2      | Noticed Terence
  1737 | D:2      | Killed Terence
  1871 | D:2      | Found a glowing golden altar of the Shining One.
  2128 | D:3      | Noticed Sigmund
  2133 | D:3      | Killed Sigmund
  2134 | D:3      | Reached skill level 3 in Axes
  2134 | D:3      | Reached XP level 5. HP: 39/49 MP: 5/5
  2134 | D:3      | Reached XP level 6. HP: 43/55 MP: 6/6
  2284 | D:4      | Reached skill level 4 in Axes
  2429 | D:4      | Found a glowing drain.
  2441 | Sewer    | Entered a sewer
  2720 | Sewer    | Got a slimy robe
  2878 | Sewer    | HP: 3/82 [adder (3)]
  2879 | Sewer    | Gained mutation: You curl defensively after being hit.
                  | [Palentonga growth]
  2879 | Sewer    | Reached XP level 7. HP: 3/63 MP: 7/7
  2879 | Sewer    | Gained mutation: Your flesh is heat resistant. (rF+)
                  | [potion of mutation]
  2879 | Sewer    | Gained mutation: Your spells are a little easier to cast,
                  | but a little less powerful. [potion of mutation]
  2879 | Sewer    | Gained mutation: You can roll at foes to attack. [potion of
                  | mutation]
  2879 | Sewer    | Gained mutation: You possess an exceptional clarity of
                  | mind. [potion of mutation]
  2883 | Sewer    | HP: 2/94 [adder (2)]
  2885 | Sewer    | Reached skill level 5 in Axes
  2886 | Sewer    | Reached skill level 1 in Dodging
  3323 | D:5      | Entered Level 5 of the Dungeon
  3350 | D:5      | Found a sacrificial altar of Ru.
  3465 | D:4      | Found a stormy altar of Qazlal.
  3630 | D:3      | Identified the +2 robe of Zoruptaf {rC+ Regen+ Int+3} (You
                  | found it in a sewer)
  3786 | D:3      | Found a hide-covered altar of Uskayaw.
  4432 | D:4      | Found an iron altar of Okawaru.
  4436 | D:4      | Found a burning altar of Makhleb.
  4451 | D:4      | Became a worshipper of Warmaster Okawaru
  4537 | D:4      | Noticed Pikel
  4553 | D:4      | Killed Pikel
  4554 | D:4      | Reached skill level 6 in Axes
  4554 | D:4      | Reached XP level 8. HP: 50/71 MP: 8/8
  4907 | D:6      | Found an opulent altar of Gozag.
  5068 | D:6      | Reached skill level 5 in Shields
  5109 | D:6      | Found an ornate altar of the Wu Jian Council.
  5144 | D:6      | Found a sand-covered staircase.
  5152 | Ossuary  | Entered an ossuary
  5178 | Ossuary  | Reached skill level 7 in Axes
  5186 | Ossuary  | Reached * piety under Okawaru
  5187 | Ossuary  | Reached skill level 5 in Fighting
  5362 | Ossuary  | Reached XP level 9. HP: 79/79 MP: 9/9
  5602 | D:6      | Reached skill level 8 in Axes
  7130 | D:7      | Reached skill level 1 in Invocations
  7369 | D:8      | Noticed Prince Ribbit
  7384 | D:8      | Killed Prince Ribbit
  7384 | D:8      | Reached ** piety under Okawaru
  7477 | D:7      | Reached skill level 5 in Armour
  7694 | D:7      | Reached skill level 9 in Axes
  7747 | D:7      | Found a staircase to the Ecumenical Temple.
  7877 | D:7      | Found a glowing silver altar of Zin.
  8054 | D:8      | Reached XP level 10. HP: 88/88 MP: 12/12
  8078 | D:8      | Noticed Harold
  8100 | D:8      | Killed Harold
  8100 | D:8      | Reached *** piety under Okawaru
  8147 | D:8      | Noticed Maurice
  8601 | D:8      | Reached skill level 5 in Invocations
  8871 | D:9      | Reached **** piety under Okawaru
  9252 | D:8      | Killed Maurice
  9253 | D:8      | Reached skill level 10 in Axes
  9727 | D:9      | Found a shadowy altar of Dithmenos.
 10090 | D:10     | Entered Level 10 of the Dungeon
 10412 | D:9      | Found a staircase to the Lair.
 10831 | D:10     | Noticed a brown ugly thing
 10832 | D:10     | Reached XP level 11. HP: 97/97 MP: 15/15
 10850 | D:10     | Killed a brown ugly thing
 10902 | D:10     | Reached ***** piety under Okawaru
 11193 | D:11     | Noticed Nergalle
 11551 | D:12     | Noticed Azrael
 12000 | D:11     | Found Potoqyjo's Magic Scroll Shop.
 12008 | D:11     | Bought a scroll of magic mapping for 59 gold pieces
 12008 | D:11     | Bought a scroll of magic mapping for 59 gold pieces
 12008 | D:11     | Bought a scroll of enchant armour for 127 gold pieces
 12008 | D:11     | Bought a scroll of enchant armour for 127 gold pieces
 12008 | D:11     | Bought a scroll of fear for 59 gold pieces
 12008 | D:11     | Bought a scroll of fear for 59 gold pieces
 12044 | D:11     | Found a staircase to the Orcish Mines.
 12063 | D:11     | Noticed a spectral orc warlord
 12076 | D:11     | Killed Nergalle
 12077 | D:11     | Reached skill level 11 in Axes
 12184 | D:12     | Killed Azrael
 12651 | D:11     | Received a gift from Okawaru
 12710 | D:11     | Identified a scroll of acquirement
 12710 | D:11     | Acquired the +14 obsidian axe {vorpal, +Fly SInv *Curse}
 12711 | D:11     | Found the +14 obsidian axe {vorpal, +Fly SInv *Curse}
 12881 | D:12     | Noticed a yaktaur captain
 12884 | D:12     | Killed a yaktaur captain
 12885 | D:12     | Reached skill level 1 in Evocations
 12891 | D:12     | Reached XP level 12. HP: 79/107 MP: 17/17
 12903 | D:12     | Identified the +9 mace "Susin" {vamp, *Contam rElec Will++
                  | Str+4 Stlth-}
 12903 | D:12     | Noticed a tengu warrior
 12911 | D:12     | Killed a tengu warrior
 12915 | D:12     | Noticed a boulder beetle
 12921 | D:12     | Noticed a boulder beetle
 12933 | D:12     | Noticed a two-headed ogre
 12934 | D:12     | Noticed a seven-headed hydra
 12936 | D:12     | Killed a nine-headed hydra
 12949 | D:12     | Killed a boulder beetle
 12950 | D:12     | Reached skill level 12 in Axes
 12954 | D:12     | Killed a two-headed ogre
 12957 | D:12     | Killed a boulder beetle
 12987 | D:12     | Reached ****** piety under Okawaru
 12991 | D:12     | Noticed a fire dragon
 13369 | D:12     | Killed a fire dragon
 13369 | D:12     | Received a gift from Okawaru
 13394 | D:12     | Identified the +3 morningstar of the Boiling Point {vorpal,
                  | Int+3}
 13619 | D:12     | Got an ancient silver amulet
 13620 | D:12     | Got a shimmering leather armour
 13621 | D:12     | Identified the amulet "Zuoren" {Reflect rC+ SH+5} (You
                  | found it on level 12 of the Dungeon)
 13676 | D:12     | Identified the +0 leather armour of Grace {Regen+ Dex+3}
                  | (You found it on level 12 of the Dungeon)
 13875 | D:13     | Noticed a six-headed hydra
 13882 | D:13     | Killed a two-headed hydra
 14038 | D:13     | Noticed Snorg
 14057 | D:13     | Killed Snorg
 14327 | D:13     | Received a gift from Okawaru
 14360 | D:13     | Got a scorched battleaxe {god gift}
 14361 | D:13     | Identified the +5 battleaxe of Zur Fama {freeze, Stlth+}
                  | (Okawaru gifted it to you on level 13 of the Dungeon)
 14635 | Lair:1   | Entered Level 1 of the Lair of Beasts
 15056 | D:13     | Reached XP level 13. HP: 114/114 MP: 19/19
 15300 | D:13     | Noticed Josephine
 15325 | D:13     | Reached skill level 13 in Axes
 15327 | D:13     | Killed Josephine
 15327 | D:13     | Received a gift from Okawaru
 16024 | D:13     | Reached skill level 5 in Evocations
 16294 | D:14     | Identified the +5 plate armour of Xakhawue {Int-3 Dex+3
                  | Slay+3}
 16384 | D:14     | Found a gate to the Vaults.
 16543 | D:14     | Received a gift from Okawaru
 16601 | D:14     | Reached skill level 10 in Invocations
 17165 | D:15     | Entered Level 15 of the Dungeon
 17244 | D:15     | Reached skill level 10 in Shields
 17281 | D:15     | Found an iron altar of Okawaru.
 17534 | D:15     | Found an iron altar of Okawaru.
 17622 | D:15     | Received a gift from Okawaru
 17660 | D:15     | Reached XP level 14. HP: 124/124 MP: 21/21
 18520 | D:15     | Found a staircase to the Depths.
 18989 | Lair:1   | Reached skill level 14 in Axes
 19963 | Lair:2   | Found a staircase to the Swamp.
 20045 | Lair:2   | You fall into a shaft and drop 1 floor!
 20067 | Lair:3   | Found a hole to the Spider Nest.
 20112 | Lair:3   | Reached skill level 1 in Throwing
 20190 | Lair:3   | Found a blossoming altar of Fedhas.
 20377 | Lair:3   | You fall into a shaft and drop 1 floor!
 20402 | Lair:3   | Received a gift from Okawaru
 20523 | Lair:2   | Found a frozen archway.
 20549 | IceCv    | Entered an ice cave
 21010 | IceCv    | Noticed a frost giant
 21021 | IceCv    | Received a gift from Okawaru
 21027 | IceCv    | Killed a frost giant
 21069 | IceCv    | Identified the Grimoire of Transformation and Contamination
 21244 | Lair:2   | Received a gift from Okawaru
 21245 | Lair:2   | Reached XP level 15. HP: 97/132 MP: 21/23
 21249 | Lair:2   | Reached skill level 5 in Dodging
 21293 | Lair:2   | Upgraded the game from 0.26.0-91-g99b343417d to 0.26.1
 21391 | Lair:2   | Received a gift from Okawaru
 21396 | Lair:2   | Got an iridescent hand axe {god gift}
 21397 | Lair:2   | Identified the +8 hand axe of Chagrin {venom, rElec Will+
                  | Str+4 Dex-2 Stlth+} (Okawaru gifted it to you on level 2 of
                  | the Lair of Beasts)
 23201 | Lair:5   | Found a runed translucent door.
 23202 | Lair:5   | Found a viscous altar of Jiyva.
 23204 | Lair:5   | Found a staircase to the Slime Pits.
 23337 | Lair:5   | Got a crude quarterstaff
 23405 | Lair:5   | Found a gate leading to a gauntlet.
 23431 | Gauntlet | Entered a Gauntlet
 23431 | Gauntlet | Found a transporter.
 23431 | Gauntlet | Found a transporter.
 23441 | Gauntlet | Found a transporter.
 23445 | Gauntlet | Found a transporter.
 23454 | Gauntlet | Found a transporter.
 23457 | Gauntlet | Found a transporter.
 23465 | Gauntlet | Found a transporter.
 23482 | Gauntlet | Found a transporter.
 23518 | Gauntlet | Found a transporter.
 23519 | Gauntlet | Found a transporter.
 23527 | Gauntlet | Found a transporter.
 23531 | Gauntlet | Found a transporter.
 23660 | Gauntlet | Received a gift from Okawaru
 23663 | Gauntlet | Got a steaming hand axe {god gift}
 23664 | Gauntlet | Identified the +6 hand axe "Fakeun" {drain, +Blink MP+9}
                  | (Okawaru gifted it to you in a Gauntlet)
 24130 | Lair:5   | Reached skill level 15 in Axes
 24860 | Lair:6   | Entered Level 6 of the Lair of Beasts
 24987 | Lair:6   | Found a dark tunnel.
 25019 | Volcano  | Entered a volcano
 25140 | Volcano  | Received a gift from Okawaru
 25949 | Lair:6   | Reached XP level 16. HP: 133/141 MP: 24/24
 26894 | Lair:6   | Reached skill level 1 in Stealth
 26894 | Lair:6   | Reached XP level 17. HP: 126/148 MP: 25/25
 27298 | Orc:1    | Entered Level 1 of the Orcish Mines
 27639 | Orc:1    | Received a gift from Okawaru
 27642 | Orc:1    | Got an ichor-stained robe {god gift}
 27668 | Orc:1    | You are sucked into a shaft and drop 1 floor!
 27668 | Orc:2    | Entered Level 2 of the Orcish Mines
 28061 | Orc:2    | Identified the +1 robe "Feazilirgh" {+Inv +Fly Dex-2 SInv}
                  | (Okawaru gifted it to you on level 1 of the Orcish Mines)
 28160 | Orc:2    | Found a roughly hewn altar of Beogh.
 28179 | Orc:2    | Noticed Saint Roka
 28205 | Orc:2    | Killed Saint Roka
 28489 | Orc:2    | Found a radiant altar of Vehumet.
 28533 | Orc:1    | Noticed Erolcha
 28538 | Orc:2    | Killed Erolcha
 28683 | Orc:2    | Found a roughly hewn altar of Beogh.
 28846 | Orc:2    | Found a roughly hewn altar of Beogh.
 28851 | Orc:2    | Found Zuimot's Gadget Boutique.
 29007 | Orc:2    | Found a staircase to the Elven Halls.
 29044 | Orc:2    | Found a roughly hewn altar of Beogh.
 29081 | Orc:2    | Found a roughly hewn altar of Beogh.
 29150 | Orc:2    | Reached skill level 10 in Fighting
 29180 | Orc:2    | Found Reid's Antique Weapon Shop.
 29182 | Orc:2    | Found Lefy's Antique Armour Boutique.
 29193 | Orc:2    | Found a roughly hewn altar of Beogh.
 29230 | Orc:2    | Bought a heavily runed troll leather armour for 560 gold
                  | pieces
 29236 | Orc:2    | Bought an ichor-stained whip for 270 gold pieces
 29298 | Orc:2    | Found a roughly hewn altar of Beogh.
 29345 | Orc:2    | Bought a condenser vane for 640 gold pieces
 29525 | Orc:2    | Found a roughly hewn altar of Beogh.
 29526 | Orc:2    | Found Wuzass's Jewellery Boutique.
 29548 | Orc:2    | Bought a +4 ring of slaying for 858 gold pieces
 29774 | Orc:1    | Identified the cursed +3 whip of Yesterday {vorpal, rN+
                  | Int+4 Dex+4 Stlth+} (You bought it in a shop on level 2 of
                  | the Orcish Mines)
 29775 | Orc:1    | Identified the cursed +1 troll leather armour "Etius" {rN+
                  | Regen+} (You bought it in a shop on level 2 of the Orcish
                  | Mines)
 30114 | Spider:1 | Entered Level 1 of the Spider Nest
 31220 | Spider:2 | Reached skill level 5 in Throwing
 31403 | Spider:2 | Received a gift from Okawaru
 31859 | Spider:2 | Reached skill level 16 in Axes
 32036 | Spider:2 | Reached XP level 18. HP: 150/158 MP: 24/27
 33738 | Spider:4 | Entered Level 4 of the Spider Nest
 33786 | Spider:4 | Noticed Louise
 33986 | Spider:4 | Killed Louise
 33986 | Spider:4 | Received a gift from Okawaru
 35100 | Spider:4 | Got a gossamer rune of Zot
 35451 | Swamp:1  | Entered Level 1 of the Swamp
 35494 | Swamp:1  | Noticed Donald
 35574 | Swamp:1  | Killed Donald
 35958 | Swamp:1  | Identified Roxanne's Volume of Moulding
 35958 | Swamp:1  | Noticed Roxanne
 36016 | Swamp:1  | Killed Roxanne
 36338 | Swamp:1  | Received a gift from Okawaru
 36416 | Swamp:2  | Reached XP level 19. HP: 157/166 MP: 28/28
 36486 | Swamp:2  | Noticed Aizul
 36497 | Swamp:2  | Killed Aizul
 36609 | Swamp:2  | Received a gift from Okawaru
 36612 | Swamp:2  | Got a pitted hand axe {god gift}
 36613 | Swamp:2  | Identified the +6 hand axe of Conformity {vamp, *Rage rPois
                  | Str+2 Int+2} (Okawaru gifted it to you on level 2 of the
                  | Swamp)
 36941 | Swamp:2  | Identified the cursed +0 leather armour of the Devil's Team
                  | {Will+ Str+4 Stlth+} (You found it on level 2 of the Swamp)
 37695 | Swamp:3  | Reached skill level 10 in Armour
 37724 | Swamp:3  | Got a clouded iron amulet
 37729 | Swamp:3  | Identified the amulet "Sufus" {Inacc +Fly rC+ Int+4} (You
                  | found it on level 3 of the Swamp)
 38282 | Swamp:4  | Entered Level 4 of the Swamp
 38757 | Swamp:4  | Received a gift from Okawaru
 38965 | Swamp:4  | Paralysed by a fenstrider witch for 4 turns
 38973 | Swamp:4  | Paralysed by a fenstrider witch for 3 turns
 38976 | Swamp:4  | HP: 5/166 [fenstrider witch/toxic sludge (8)]
 38995 | Swamp:4  | HP: 8/166 [poisoned by a fenstrider witch (toxic sludge)]
 39000 | Swamp:4  | HP: 7/166 [poisoned by a fenstrider witch (toxic sludge)]
 39005 | Swamp:4  | HP: 7/166 [poisoned by a fenstrider witch (toxic sludge)]
 39012 | Swamp:4  | HP: 7/166 [poisoned by a fenstrider witch (toxic sludge)]
 39020 | Swamp:4  | HP: 8/166 [poisoned by a fenstrider witch (toxic sludge)]
 39547 | Swamp:4  | Got a decaying rune of Zot
 40445 | Vaults:1 | Entered Level 1 of the Vaults
 40467 | Vaults:1 | Reached skill level 17 in Axes
 40481 | Vaults:1 | Reached skill level 10 in Evocations
 40928 | Vaults:1 | Found Coebod's Antique Weapon Shop.
 41807 | Vaults:1 | Received a gift from Okawaru
 41819 | Vaults:1 | Got a pair of crude gloves {god gift}
 41830 | Vaults:1 | Identified the +0 pair of gloves "Wewim" {rElec Str+4}
                  | (Okawaru gifted it to you on level 1 of the Vaults)
 42046 | Vaults:1 | Reached XP level 20. HP: 164/177 MP: 30/30
 42369 | Vaults:2 | Paralysed by a hornet for 2 turns
 42528 | Vaults:2 | Found a staircase to the Crypt.
 42556 | Vaults:2 | Reached skill level 15 in Shields
 42826 | Vaults:3 | Found a ruined gateway.
 42853 | Vaults:3 | Received a gift from Okawaru
 42894 | Desolati | Entered the Desolation of Salt
 43019 | Desolati | Killed from afar by a crystal guardian

Illustrated notes

Levels and vault maps discovered:
D:1:      lightli_arrival_flooded_house, layout_basic
D:2:      layout_loops_ring, tso_oasis_becter, uniq_terence
D:3:      layout_basic, lemuel_crystal_altar, lemuel_coloured_pillars_altar,
          uniq_sigmund, uniq_ijyb
D:4:      layout_basic, nicolae_qazlal_general_emergency, minitemple,
          gup_sewer_entry_pipe, uniq_pikel
D:5:      layout_cave_pools, nicolae_ru_path_of_blood, serial_co_window_serial,
          co_window_corner_a, co_window_paths_a, co_window_paths_b,
          co_window_corner_a, co_window_paths_b, co_window_2corner,
          co_window_corner_b, co_window_cross_4, co_window_of_opportunity_b,
          co_window_broadway_c, co_window_broadway_c, co_window_corner_b,
          glass_columns_b, glass_columns_a
D:6:      layout_loops_corners, old_standard_altar, nzn_wu_jian_council_hall,
          nicolae_ossuary_entry_ruins
D:7:      layout_gridville, zin_academy, temple_pool_b
D:8:      layout_loops_ring, uniq_maurice, uniq_prince_ribbit1, uniq_harold
D:9:      layout_loops_cross, grunt_dithmenos_shadows, david_lair_shrubbed
D:10:     layout_irregular_city
D:11:     layout_basic, david_orc_2, serial_shops, shop, uniq_nergalle
D:12:     minmay_the_grid_4x2 [minmay_the_grid_dragon_b,
          minmay_the_grid_embedded, minmay_the_grid_outer_circle,
          minmay_the_grid_minigrid_medium, minmay_the_grid_fan,
          minmay_the_grid_eight, minmay_the_grid_tree,
          minmay_the_grid_prize_four_corners_diamond_b], layout_cross,
          uniq_azrael
D:13:     layout_basic, kennysheep_generic_room_12, uniq_josephine, uniq_snorg
D:14:     layout_irregular_city, ximxim_vaults_locker_room, nrook_mini_vaults,
          minmay_fractal_squares_gapless_5
D:15:     gammafunk_enter_depths_forms, layout_basic, okawaru_ov_weapons_minmay,
          basic_altar
Lair:1:   layout_roguey, beast_lair_carwin_10
Lair:2:   layout_hall_layers, minmay_swamp_entry_eels,
          portal_ice_cave_demonic_guard, grunt_megastairs_5,
          lemuel_fruit_fields, infiniplex_staircase_pool_2
Lair:3:   layout_regular_city, spider_nest_entry_a, tgw_fedhas
Lair:4:   layout_regular_city, serial_bayou_crossing, grunt_megastairs_3
Lair:5:   layout_long_grid, slime_altar_2, gauntlet_entry_generic,
          patterned_corridor
Lair:6:   due_jungle_book, layout_cave_pods, lightli_volcano_entry_magma_tube
Swamp:1:  layout_basic_swamp, evilmike_swamp_ruin_house_5, uniq_donald,
          uniq_roxanne
Swamp:2:  layout_basic_swamp, evilmike_swamp_ruin_house_3, swamp_pool4,
          ldierk_geyser, uniq_aizul
Swamp:3:  cheibrodos_swamp_monstrosity, layout_basic_swamp,
          evilmike_swamp_ruin_wall, swamp_pool2
Swamp:4:  swamp_icy, layout_basic_swamp, swamp_pool2
Spider:1: layout_spider_delve
Spider:2: layout_chambers, nicolae_spider_cling_ruins
Spider:3: layout_spider_delve
Spider:4: spider_rune_water, uniq_louise
Orc:1:    layout_caves, uniq_erolcha
Orc:2:    grunt_orc_community_town_hall, layout_caves,
          grunt_orc_community_big_house_2, grunt_orc_community_big_house_1,
          grunt_orc_community_house_2, grunt_orc_community_house_2,
          grunt_orc_community_house_1, grunt_orc_community_house_2,
          grunt_orc_community_house_2, basic_altar, uniq_saint_roka
Vaults:1: ontoclasm_vaults_gallery, hangedman_vaults_corner_blocks, v_misc_30,
          vaults_mumra_minichess, nicolae_vaults_little_squares_2, v_misc_33,
          nicolae_vaults_hallways_thing, v_misc_8, hangedman_vaults_nodes,
          nicolae_vaults_windows_and_doors_thing, v_misc_25,
          ontoclasm_vaults_loading_screen, nicolae_vaults_little_squares_1,
          nicolae_vaults_mini_display_case, ontoclasm_vaults_fault,
          vaults_dpeg_diagonal, nicolae_vaults_gold_heap,
          layout_vaults_big_cross, serial_shops, shop
Vaults:2: ontoclasm_vaults_loading_screen, v_rooms_1,
          nicolae_vaults_yaktaur_gun_rack, nicolae_vaults_puzzle_piece,
          layout_vaults_maze_snakey, dummy_crypt_entry
Vaults:3: v_misc_11, v_misc_28, hangedman_vaults_restitches,
          ontoclasm_vaults_decontamination, v_misc_2, v_misc_9,
          ontoclasm_vaults_gateway, v_misc_17,
          nicolae_vaults_diagonal_hallway_7, vaults_dpeg_encased_lava,
          layout_vaults_omnigrid, portal_desolation_entry_salt
Desolation

Skill      XL: |  1  2  3  4  5  6  7  8  9 10 11 12 13 14 15 16 17 18 19 20 |
---------------+-------------------------------------------------------------+-----
Shields        | 3 4 5 6 7 8 9 10 11 12 13 14 15 | 15.0
Armour         | 3 4 5 6 7 8 9 10 | 10.8
Fighting       | 4 5 6 7 8 9 10 11 | 11.5
Axes           | 3 4 6 7 9 10 11 12 13 14 15 16 17 | 17.2
Dodging        | 1 2 3 4 5 6 7 8 9 |  9.0
Invocations    | 3 5 7 9 10 11 12 13 | 13.8
Evocations     | 1 4 5 7 8 9 10 | 10.5
Throwing       | 2 3 4 5 6 7 |  7.3
Stealth        | 1 |  1.5
Short Blades   | |  0.7
Long Blades    | |  0.6
Staves         | |  0.6
Bows           | |  0.4
Crossbows      | |  0.4
Fire Magic     | |  0.4
Ice Magic      | |  0.4
Air Magic      | |  0.4
Earth Magic    | |  0.5
Poison Magic   | |  0.4

Action                   |  1- 3 |  4- 6 |  7- 9 | 10-12 | 13-15 | 16-18 | 19-21 || total
-------------------------+-------+-------+-------+-------+-------+-------+-------++-------
Melee: War axe           |   145 |   148 |    68 |   473 |     7 |       |       ||   841
       Tailslap          |    10 |    14 |    52 |   117 |   231 |   185 |   221 ||   830
       Hand axe          |       |       |   344 |       |    62 |       |   588 ||   994
       Broad axe         |       |       |       |   175 |   937 |   776 |   174 ||  2062
       Mace              |       |       |       |     7 |       |       |       ||     7
Throw: Stone             |     1 |     2 |       |       |       |       |       ||     3
       Dart              |       |     5 |     1 |     3 |     4 |       |       ||    13
       Boomerang         |       |       |       |       |     5 |     3 |     3 ||    11
Invok: Heroism           |       |       |     2 |     4 |     2 |     6 |     2 ||    16
       Finesse           |       |       |       |     1 |       |     1 |     1 ||     3
 Abil: Rolling Charge    |    26 |    10 |    46 |    65 |    76 |   107 |    55 ||   385
Evoke: Wand              |       |       |     1 |       |       |       |     1 ||     2
       Box of beasts     |       |       |       |       |     1 |       |       ||     1
       Tin of tremorston |       |       |       |       |       |     1 |     1 ||     2
  Use: Scroll            |     4 |     5 |    11 |    14 |    17 |     9 |     8 ||    68
       Potion            |       |     7 |     9 |     1 |       |     2 |     2 ||    21
Armor: Scale mail        |    50 |       |       |       |       |       |       ||    50
       Fire dragon scale |    46 |    68 |   102 |   224 |    71 |       |       ||   511
       Skin              |       |    32 |    21 |       |       |       |       ||    53
       Plate armour      |       |       |       |       |   391 |   384 |   271 ||  1046
Dodge: Dodged            |    41 |    46 |    47 |    77 |    99 |   150 |   114 ||   574
       Repelled          |       |       |       |       |     2 |     3 |     7 ||    12
Block: Kite shield       |    75 |   123 |   275 |   175 |       |       |       ||   648
       Reflection        |       |       |     3 |    45 |    10 |    14 |    45 ||   117
       Tower shield      |       |       |       |   567 |  1169 |  1164 |   839 ||  3739
